 Dungeon Crawl Stone Soup version 0.19.0-11-g3fc08b3 (webtiles) character file.

435 Rrauwl the Bolt Thrower (level 7, 0/43 HPs)
             Began as a Kobold Hunter on Nov 9, 2016.
             Slain by a jackal (2 damage)
             ... on level 4 of the Dungeon on Nov 10, 2016.
             The game lasted 00:23:58 (2375 turns).

Rrauwl the Bolt Thrower (Kobold Hunter)             Turns: 2375, Time: 00:23:59

Health: 0/43       AC: 13    Str:  8 (9)  XL:     7   Next: 21%
Magic:  7/7        EV:  2    Int: 11 (12) God:
Gold:   178        SH:  0    Dex: 15 (18) Spells: 0 memorised, 6 levels left

rFire  . . .     SeeInvis .     u - +0 trident
rCold  . . .     Gourm    .     w - +0 plate armour
rNeg   . . .     Faith    +     (shield currently unavailable)
rPois  .         Spirit   .     y - +1 hat
rElec  .         Reflect  .     (no cloak)
rCorr  .         Harm     .     j - +0 pair of gloves
MR     .....                    x - +0 pair of boots
Stlth  ..........               k - amulet of faith
                                (no ring)
                                (no ring)

@: no status effects
A: carnivore 3
a: no special abilities


You were on level 4 of the Dungeon.
You were full.

You visited 1 branch of the dungeon, and saw 4 of its levels.

You collected 178 gold pieces.

Inventory:

Hand Weapons
 a - a +1 hand crossbow
 o - a +0 long sword
 u - a +0 trident (weapon)
Missiles
 c - 15 arrows
 d - 9 bolts
 e - 143 stones
 i - 23 sling bullets
 q - 4 tomahawks (quivered)
 t - 3 needles of confusion
 A - 4 poisoned needles
Armour
 j - a +0 pair of gloves (worn)
 w - a +0 plate armour (worn)
 x - a +0 pair of boots (worn)
 y - a +1 hat (worn)
Jewellery
 k - an amulet of faith (around neck)
 p - an uncursed amulet of regeneration
Scrolls
 g - a scroll of identify
 l - 2 scrolls of amnesia
 m - 4 scrolls of remove curse
 v - a scroll of magic mapping
 B - a scroll of fog
Potions
 b - a potion of flight
 r - a potion of cure mutation
Comestibles
 n - 3 slices of pizza
 s - a beef jerky


   Skills:
 + Level 4.1 Fighting
 + Level 1.5 Polearms
 + Level 7.8 Crossbows
 + Level 0.2 Throwing
 + Level 1.4 Armour
 + Level 2.7 Dodging
 + Level 1.5 Stealth


You had 6 spell levels left.
You didn't know any spells.

Dungeon Overview and Level Annotations

Branches:
Dungeon (4/15)
 Temple: D:4-7

Altars:


Innate Abilities, Weirdness & Mutations

You are small and have problems with some larger weapons.
You are carnivorous and can eat meat at any time.


Message History

A jackal comes into view.
Your plate armour prevents you from hitting the jackal.
The jackal bites you but does no damage. x2
Your plate armour prevents you from hitting the jackal.
The jackal bites you but does no damage.
The jackal completely misses you.
You hit the jackal.
You kill the jackal!
The jackal bites you.
* * * LOW HITPOINT WARNING * * *
Your plate armour prevents you from hitting the jackal.
The jackal bites you but does no damage.
You puncture the jackal!
You kill the jackal!
The jackal bites you.
* * * LOW HITPOINT WARNING * * *
You barely miss the jackal.
The jackal bites you but does no damage.
You miss the jackal. The jackal bites you.
You die...

##..# ##.###.......#.#
#...##...............#
##.#.<................#
##.#..................
##.#.#..............#
##.#................
............ #...#
#........... #h#
#......##.# #@#
####......# #.# #
###.##########.#
#...........##.#
#.###.#####.##.# ###.#
#..####.##.#
.##.###..........#
.##...†.#####.####
.######.......#


You could see a jackal.

Vanquished Creatures
  A phantom (D:4)
  The ghost of Jetsun the Shooter, an amateur MiHu (D:3)
  A hound (D:4)
  2 orc priests
  6 adders
  An ooze (D:1)
  An adder skeleton (D:4)
  2 worms (D:2)
  2 dart slugs
  4 leopard geckos
  9 orcs
  2 ball pythons (D:3)
  8 bats
  5 giant cockroaches
  6 goblins
  6 hobgoblins
  7 jackals
  10 kobolds
  6 frilled lizards
  11 rats
91 creatures vanquished.

Notes
Turn   | Place    | Note
-------+----------+-------------------------------------------
     0 | D:1      | Rrauwl the Kobold Hunter began the quest for the Orb.
     0 | D:1      | Reached XP level 1. HP: 12/12 MP: 1/1
    28 | D:1      | Reached skill level 5 in Crossbows
   117 | D:1      | Reached XP level 2. HP: 11/18 MP: 2/2
   351 | D:1      | Reached XP level 3. HP: 21/22 MP: 3/3
   780 | D:2      | Reached XP level 4. HP: 26/27 MP: 4/4
   822 | D:2      | Reached skill level 6 in Crossbows
  1382 | D:3      | Reached XP level 5. HP: 29/32 MP: 5/5
  1547 | D:3      | Reached skill level 7 in Crossbows
  1613 | D:3      | Noticed Jetsun's ghost (amateur MiHu)
  1667 | D:3      | Killed Jetsun's ghost
  1667 | D:3      | Reached skill level 1 in Armour
  1667 | D:3      | Reached XP level 6. HP: 18/38 MP: 6/6
  2048 | D:4      | Noticed a phantom
  2104 | D:4      | Killed a phantom
  2104 | D:4      | Reached skill level 1 in Polearms
  2104 | D:4      | Reached XP level 7. HP: 25/43 MP: 7/7
  2371 | D:4      | HP: 2/43 [jackal (2)]
  2375 | D:4      | Slain by a jackal

Skill      XL: |  1  2  3  4  5  6 |
---------------+-------------------+-----
Crossbows      | 5 6 7 |  7.8
Fighting       | 3 4 |  4.1
Armour         | 1 |  1.4
Polearms       | 1 |  1.5
Throwing       | |  0.2
Dodging        | |  2.7
Stealth        | |  1.5

Action                   |  1- 3 |  4- 6 |  7- 9 || total
-------------------------+-------+-------+-------++-------
Melee: Trident           |       |   105 |    68 ||   173
 Fire: Hand crossbow     |    76 |   116 |       ||   192
Throw: Stone             |     1 |       |       ||     1
       Tomahawk          |       |     4 |       ||     4
  Use: Scroll            |     5 |     2 |     1 ||     8
       Potion            |     3 |     5 |     1 ||     9
  Eat: Beef jerky        |       |     1 |       ||     1
       Chunk             |       |     1 |       ||     1
       Meat ration       |       |       |     1 ||     1
Armor: Leather armour    |     5 |       |       ||     5
       Scale mail        |    15 |    10 |       ||    25
       Plate armour      |       |   124 |    77 ||   201
Dodge: Dodged            |    40 |    41 |     7 ||    88
